 Dungeon Crawl Stone Soup version 0.29.0-4-gdea44cf6ec (webtiles) character file.

Game seed: 13088516400310901007

6048 qw the Cleaver (level 9, -18/81 HPs)
             Began as a Minotaur Fighter on Sept 7, 2022.
             Was a Believer of Ru.
             Engulfed by a cloud of flame (23 damage)
             ... on level 9 of the Dungeon.
             The game lasted 00:03:39 (7141 turns).

qw the Cleaver (Minotaur Fighter)                   Turns: 7141, Time: 00:03:40

Health: -18/81     AC: 17    Str: 31    XL:     9   Next: 57%
Magic:  8/8        EV:  8    Int:  5    God:    Ru [**....]
Gold:   434        SH:  5    Dex: 10    Spells: 8/8 levels left

rFire   . . .      SeeInvis .   Y - +3 war axe
rCold   . . .      Faith    .   c - +0 buckler
rNeg    . . .      Spirit   .   n - +2 plate armour
rPois   +          Reflect  .   (helmet restricted)
rElec   .          Harm     .   m - +0 cloak
rCorr   .          Rampage  .   s - +0 pair of gloves
Will    .....                   (no boots)
Stlth   ..........              o - amulet of regeneration
HPRegen 1.03/turn               f - ring of poison resistance
MPRegen 0.11/turn               i - +6 ring of strength

@: brilliant
A: horns 2, unskilled 1, inexperienced 1, retaliatory headbutt
a: Renounce Religion


You were on level 9 of the Dungeon.
You worshipped Ru.
Ru was pleased with you.
You visited 2 branches of the dungeon, and saw 10 of its levels.
You also visited: Ossuary.

You collected 434 gold pieces.


Innate Abilities, Weirdness & Mutations

You have a pair of horns on your head.
You are somewhat unskilled. (-1 Apt)
You are somewhat inexperienced. (-1 XL)
You reflexively headbutt those who attack you in melee.


   Skills:
 - Level 8.0 Fighting
 - Level 14.0 Axes
 - Level 1.2 Throwing
 - Level 6.4 Armour
 - Level 2.7 Dodging
 + Level 4.9 Shields


You had 8 spell levels left.
You didn't know any spells.
Your spell library was empty.

Inventory:

Hand Weapons
 p - a +0 flail
 Y - a +3 war axe (weapon)
Missiles
 h - 2 boomerangs (quivered)
Armour
 c - a +0 buckler (worn)
 m - a +0 cloak (worn)
 n - a +2 plate armour (worn)
 s - a +0 pair of gloves (worn)
Jewellery
 f - a ring of poison resistance (left hand)
 i - a +6 ring of strength (right hand)
 o - an amulet of regeneration (around neck)
 q - a ring of poison resistance
Wands
 j - a wand of digging (11)
Scrolls
 k - 4 scrolls of identify
Potions
 a - a potion of mutation
 d - 3 potions of might
 e - 3 potions of haste
 g - 6 potions of curing
 r - a potion of resistance

Dungeon Overview and Level Annotations

Branches:
Dungeon (9/15)             Temple (1/1) D:4         Ossuary (visited)
   Lair: D:8-11         Orc: D:9-12

Altars:
Ashenzari
Cheibriados
Dithmenos
Fedhas
Hepliaklqana
Makhleb
Nemelex Xobeh
Okawaru
Ru
Trog
Vehumet
Yredelemnul

Shops:
D:1 !

Annotations:
D:5 3 runed translucent doors, qw's ghost, amateur BaCK
D:7 2 transporters, qw's ghost, novice MiFi


Message History

The human simulacrum is severely damaged.
The human simulacrum is engulfed in blazing flames.
The human simulacrum vaporises!
You're in a travel-excluded area, stopping explore.
7124 ||| DRINKING 3 cyan potions.
It was a potion of brilliance.
You feel clever all of a sudden.
You're in a travel-excluded area, stopping explore.
7125 ||| DROPPING 2 potions of brilliance.
You drop 2 potions of brilliance.
You're in a travel-excluded area, stopping explore.
You're in a travel-excluded area, stopping explore.
7126 ||| Stepping randomly (stuck).
You're in a travel-excluded area, stopping explore.
You're in a travel-excluded area, stopping explore.
7127 ||| Stepping randomly (stuck).
You're in a travel-excluded area, stopping explore.
You're in a travel-excluded area, stopping explore.
7128 ||| Stepping randomly (stuck).
Really walk into that cloud of flame?
You are engulfed in blazing flames.
You're standing in a cloud of flame!
You are engulfed in blazing flames.
You're standing in a cloud of flame!
You are engulfed in blazing flames.
You're standing in a cloud of flame!
You are engulfed in blazing flames.
You're standing in a cloud of flame!
You are engulfed in blazing flames.
You start resting.
You are engulfed in blazing flames.
You're standing in a cloud of flame!
You're standing in a cloud of flame!
You are engulfed in blazing flames.
You're standing in a cloud of flame!
You are engulfed in blazing flames.
You're standing in a cloud of flame!
You are engulfed in blazing flames.
You're standing in a cloud of flame!
You are engulfed in blazing flames.
You die...

#. ####. ..... ##).. ##...)###
# .#.......##.# .#####).
##0..#.# .........##¤0@!#.#
.......).#0¤0#.).#
#......#.¤..##...#############
#......#...##...)#..#.........
#......##.......#...#.........
#.......###)...##...#.........
#............)##....#.........
#........#..........#.........
#........#..........#.........


There were no monsters in sight!

Vanquished Creatures
  A two-headed ogre (D:8)
  Psyche (D:9)
  Maggie (D:7)
  A hornet (D:7)
  3 yaks (D:9)
  2 steam dragons (D:7)
  3 orc warriors (D:7)
  Duvessa (D:7)
  A black bear (D:2)
  An ice beast (D:7)
  A sky beast (D:6)
  An ogre (D:5)
  2 phantoms
  Blork the orc (D:6)
  A bullfrog (D:7)
  3 kobold brigands
  15 scorpions
  A necrophage (D:7)
  Dowan (D:7)
  14 killer bees
  An electric eel (D:8)
  A centaur zombie (Ossuary)
  3 hounds
  2 human zombies (Ossuary)
  3 orc priests
  A gnoll bouda (D:9)
  2 jellies (D:6)
  3 iguanas
  5 orc wizards
  6 scorpion zombies (Ossuary)
  A human simulacrum (D:9)
  4 mummies
  Robin (D:4)
  7 adders
  12 gnolls
  A shadow imp (D:5)
  A white imp (D:6)
  An ufetubus (D:5)
  A worm (D:3)
  3 dart slugs
  22 orcs
  6 ball pythons
  9 bats
  7 endoplasms
  2 giant cockroaches
  8 goblins (D:4)
  15 hobgoblins
  4 jackals (D:3)
  7 quokkas
  4 frilled lizards
  A gnoll zombie (Ossuary)
  4 goblin zombies (Ossuary)
  3 hobgoblin zombies
  18 kobolds
  3 kobold zombies (Ossuary)
  An orc zombie (Ossuary)
  6 rats
234 creatures vanquished.

Vanquished Creatures (others)
  A human simulacrum (D:9)
  2 orcs (D:7)
3 creatures vanquished.

Grand Total: 237 creatures vanquished

Notes
Turn   | Place    | Note
-------+----------+-------------------------------------------
     0 | D:1      | qw the Minotaur Fighter began the quest for the Orb.
     0 | D:1      | Reached XP level 1. HP: 19/19 MP: 0/0
     0 | D:1      | 0 ||| qw: Version: 0.1-a-108-g9e35731
     0 | D:1      | 0 ||| qw: Game counter: 6527
     0 | D:1      | 0 ||| qw: Always use a shield: true
     0 | D:1      | 0 ||| qw: God list: Ru
     0 | D:1      | 0 ||| qw: Allow faded altars: false
     0 | D:1      | 0 ||| qw: Do Orc after D:15 true
     0 | D:1      | 0 ||| qw: Do second Lair branch before Depths: true
     0 | D:1      | 0 ||| qw: Lair rune preference: random
     0 | D:1      | 0 ||| qw: Plans: Normal
     0 | D:1      | 0 ||| PLANNING D:1-11
   223 | D:1      | Found Fimm's Distillery.
   230 | D:1      | 230 ||| SHOPLISTING potion of cancellation (112 gold, have
                  | 27).
   230 | D:1      | 230 ||| SHOPLISTING potion of curing (42 gold, have 27).
   230 | D:1      | 230 ||| SHOPLISTING potion of haste (140 gold, have 27).
   230 | D:1      | 230 ||| SHOPLISTING potion of heal wounds (70 gold, have
                  | 27).
   230 | D:1      | 230 ||| SHOPLISTING potion of might (56 gold, have 27).
   230 | D:1      | 230 ||| SHOPLISTING potion of mutation (112 gold, have 27).
   230 | D:1      | 230 ||| SHOPLISTING potion of resistance (140 gold, have
                  | 27).
   266 | D:1      | Reached skill level 3 in Axes
   380 | D:1      | Reached XP level 2. HP: 19/26 MP: 1/1
   696 | D:1      | Reached skill level 4 in Axes
  1085 | D:1      | Found a faded altar of an unknown god.
  1155 | D:1      | 1155 ||| UPGRADING to +0 plate armour.
  1165 | D:1      | 1165 ||| DROPPING +0 scale mail.
  1166 | D:1      | 1166 ||| UPGRADING to ring of poison resistance.
  1167 | D:1      | 1167 ||| UPGRADING to +6 ring of strength.
  1168 | D:1      | 1168 ||| DROPPING ring of wizardry.
  1169 | D:1      | 1169 ||| READING scroll labelled AMIOSHR FOLIKH.
  1170 | D:1      | 1170 ||| READING 4 scrolls labelled VIDWEPTONAI.
  1171 | D:1      | 1171 ||| READING 2 scrolls labelled YLUCZIOCYCK.
  1174 | D:1      | 1174 ||| READING 3 scrolls of identify.
  1174 | D:1      | 1174 ||| IDENTIFYING fizzy silvery potion
  1175 | D:1      | 1175 ||| READING 2 scrolls of identify.
  1175 | D:1      | 1175 ||| IDENTIFYING silvery potion
  1176 | D:1      | 1176 ||| DROPPING potion of degeneration.
  1195 | D:2      | Reached XP level 3. HP: 31/31 MP: 2/2
  1355 | D:2      | Noticed a black bear
  1358 | D:2      | 1358 ||| Stepping ~*~*~tactically~*~*~ (stealth).
  1364 | D:2      | Killed a black bear
  1365 | D:2      | Reached skill level 6 in Axes
  1365 | D:2      | Reached XP level 4. HP: 34/39 MP: 3/3
  1376 | D:2      | 1376 ||| Stepping ~*~*~tactically~*~*~ (stealth).
  1448 | D:2      | Reached XP level 5. HP: 44/45 MP: 4/4
  1475 | D:2      | 1475 ||| READING scroll of enchant armour.
  1475 | D:2      | 1475 ||| ENCHANTING +0 plate armour.
  1587 | D:2      | Reached skill level 1 in Dodging
  1715 | D:2      | 1715 ||| Stepping ~*~*~tactically~*~*~ (stealth).
  1717 | D:2      | 1717 ||| Stepping ~*~*~tactically~*~*~ (stealth).
  1909 | D:2      | 1909 ||| FLEEEEING.
  1910 | D:2      | 1910 ||| FLEEEEING.
  1911 | D:2      | 1911 ||| FLEEEEING.
  1912 | D:2      | 1912 ||| FLEEEEING.
  1913 | D:2      | 1913 ||| FLEEEEING.
  1917 | D:2      | 1917 ||| FLEEEEING.
  1918 | D:2      | 1918 ||| FLEEEEING.
  1919 | D:2      | 1919 ||| FLEEEEING.
  1920 | D:2      | 1920 ||| FLEEEEING.
  1923 | D:2      | 1923 ||| FLEEEEING.
  1924 | D:2      | 1924 ||| FLEEEEING.
  1927 | D:2      | 1927 ||| FLEEEEING.
  1928 | D:2      | 1928 ||| FLEEEEING.
  1929 | D:2      | 1929 ||| FLEEEEING.
  1930 | D:2      | 1930 ||| FLEEEEING.
  1931 | D:2      | 1931 ||| FLEEEEING.
  1932 | D:2      | 1932 ||| FLEEEEING.
  1933 | D:2      | 1933 ||| FLEEEEING.
  1934 | D:2      | 1934 ||| FLEEEEING.
  1935 | D:2      | 1935 ||| FLEEEEING.
  1936 | D:2      | 1936 ||| FLEEEEING.
  1937 | D:2      | 1937 ||| FLEEEEING.
  1938 | D:2      | 1938 ||| FLEEEEING.
  1939 | D:2      | 1939 ||| FLEEEEING.
  1940 | D:2      | 1940 ||| STAIRDANCE
  2037 | D:1      | 2037 ||| READING scroll labelled ZETATA ZIWNORCHA.
  2038 | D:1      | 2038 ||| READING scroll labelled OFO QIDAUG.
  2039 | D:1      | 2039 ||| READING 2 scrolls of identify.
  2039 | D:1      | 2039 ||| IDENTIFYING blue potion
  2042 | D:2      | 2042 ||| STAIRDANCE
  2056 | D:2      | Reached skill level 7 in Axes
  2384 | D:3      | 2384 ||| Stepping ~*~*~tactically~*~*~ (stealth).
  2464 | D:3      | 2464 ||| DROPPING +0 whip.
  2521 | D:3      | Found a shadowy altar of Dithmenos.
  2657 | D:3      | 2657 ||| Stepping ~*~*~tactically~*~*~ (stealth).
  2662 | D:3      | 2662 ||| Stepping ~*~*~tactically~*~*~ (stealth).
  2943 | D:3      | 2943 ||| UPGRADING to amulet of regeneration.
  2948 | D:3      | 2948 ||| DROPPING +6 ring of intelligence.
  2949 | D:3      | 2949 ||| READING scroll labelled ETE ZOOSUBIXA.
  2950 | D:3      | 2950 ||| DRINKING 2 sapphire potions.
  2951 | D:3      | 2951 ||| READING 2 scrolls of identify.
  2951 | D:3      | 2951 ||| IDENTIFYING emerald potion
  2952 | D:3      | 2952 ||| DROPPING potion of magic.
  2953 | D:3      | 2953 ||| DROPPING potion of attraction.
  2961 | D:3      | 2961 ||| READING 3 scrolls labelled FIJIDAUKEAB.
  2962 | D:3      | 2962 ||| DROPPING 2 scrolls of fear.
  2994 | D:4      | 2994 ||| STAIRDANCE
  3011 | D:4      | Reached XP level 6. HP: 51/52 MP: 5/5
  3041 | D:4      | 3041 ||| Stepping ~*~*~tactically~*~*~ (stealth).
  3047 | D:4      | 3047 ||| Stepping ~*~*~tactically~*~*~ (stealth).
  3246 | D:4      | Reached skill level 8 in Axes
  3293 | D:4      | Noticed Robin
  3310 | D:4      | Killed Robin
  3420 | D:4      | Reached skill level 9 in Axes
  3420 | D:4      | Reached XP level 7. HP: 59/59 MP: 6/6
  3469 | D:4      | Found a staircase to the Ecumenical Temple.
  3470 | D:4      | 3470 ||| PLANNING TEMPLE
  3471 | D:4      | 3471 ||| Stepping ~*~*~tactically~*~*~ (stealth).
  3473 | D:4      | 3473 ||| Stepping ~*~*~tactically~*~*~ (stealth).
  3474 | D:4      | 3474 ||| READING scroll labelled FAEKLA SUPRYTSE.
  3478 | D:4      | 3478 ||| READING scroll labelled TUXKAO POHUEL.
  3479 | D:4      | 3479 ||| READING 2 scrolls of identify.
  3479 | D:4      | 3479 ||| IDENTIFYING white potion
  3481 | D:4      | 3481 ||| Stepping ~*~*~tactically~*~*~ (stealth).
  3486 | D:4      | 3486 ||| Stepping ~*~*~tactically~*~*~ (stealth).
  3487 | D:4      | 3487 ||| Stepping ~*~*~tactically~*~*~ (stealth).
  3503 | Temple   | Entered the Ecumenical Temple
  3509 | Temple   | Became a worshipper of Ru the Awakened
  3511 | Temple   | 3511 ||| PLANNING D:1-11
  3541 | D:4      | Identified the +5 dagger of Glamorous Courage {freeze,
                  | *Rage Int+6}
  3685 | D:5      | Entered Level 5 of the Dungeon
  3686 | D:5      | 3686 ||| PLANNING OSSUARY
  3688 | D:5      | 3688 ||| STAIRDANCE
  3695 | D:5      | 3695 ||| STAIRDANCE
  3780 | D:5      | 3780 ||| Stepping ~*~*~tactically~*~*~ (stealth).
  3805 | D:5      | Reached skill level 10 in Axes
  3821 | D:5      | 3821 ||| READING scroll of enchant armour.
  3821 | D:5      | 3821 ||| ENCHANTING +1 plate armour.
  3845 | D:5      | Found a sparkling altar of Nemelex Xobeh.
  3918 | D:5      | Reached skill level 1 in Throwing
  3930 | D:5      | Reached XP level 8. HP: 44/70 MP: 7/7
  4040 | D:5      | Found a sand-covered staircase.
  4044 | D:5      | 4044 ||| DROPPING amulet of magic regeneration.
  4048 | Ossuary  | Entered an ossuary
  4068 | Ossuary  | Reached skill level 6 in Fighting
  4082 | Ossuary  | 4082 ||| Stepping ~*~*~tactically~*~*~ (stealth).
  4083 | Ossuary  | 4083 ||| Stepping ~*~*~tactically~*~*~ (stealth).
  4162 | Ossuary  | Reached skill level 11 in Axes
  4231 | Ossuary  | 4231 ||| Stepping ~*~*~tactically~*~*~ (stealth).
  4320 | Ossuary  | 4320 ||| READING 2 scrolls labelled HEETEMMYLONK.
  4321 | Ossuary  | 4321 ||| READING scroll labelled JIEMENKYIL.
  4422 | Ossuary  | 4422 ||| READING scroll labelled RICYLE ME COINN.
  4423 | Ossuary  | 4423 ||| READING 3 scrolls of identify.
  4423 | Ossuary  | 4423 ||| IDENTIFYING green potion
  4424 | Ossuary  | 4424 ||| DROPPING scroll of butterflies.
  4478 | D:5      | 4478 ||| PLANNING D:1-11
  4520 | D:5      | Found a runed translucent gate.
  4521 | D:5      | Found a runed translucent gate.
  4521 | D:5      | Found a runed translucent gate.
  4521 | D:5      | Noticed qw's ghost (amateur BaCK)
  4653 | D:6      | 4653 ||| Stepping ~*~*~tactically~*~*~ (stealth).
  4654 | D:6      | 4654 ||| Stepping ~*~*~tactically~*~*~ (stealth).
  4660 | D:6      | 4660 ||| Stepping ~*~*~tactically~*~*~ (stealth).
  4661 | D:6      | 4661 ||| Stepping ~*~*~tactically~*~*~ (stealth).
  4682 | D:6      | 4682 ||| Stepping ~*~*~tactically~*~*~ (hiding).
  4702 | D:6      | 4702 ||| INVOKING Sacrifice Experience.
  4702 | D:6      | Gained mutation: You are somewhat inexperienced. (-1 XL)
                  | [Ru sacrifice]
  4702 | D:6      | Reached XP level 7. HP: 63/63 MP: 6/6
  4702 | D:6      | Reached * piety under Ru
  4703 | D:6      | 4703 ||| Stepping ~*~*~tactically~*~*~ (stealth).
  4704 | D:6      | 4704 ||| Stepping ~*~*~tactically~*~*~ (stealth).
  4848 | D:6      | Noticed Blork the orc
  4856 | D:6      | HP: 14/63 [Blork the orc/puff of frost (9)]
  4857 | D:6      | 4857 ||| READING 3 scrolls of teleportation.
  4858 | D:6      | 4858 ||| DRINKING 3 potions of heal wounds.
  4869 | D:6      | HP: 15/63 [orc/+0 dagger (3)]
  4870 | D:6      | 4870 ||| READING 2 scrolls of teleportation.
  4871 | D:6      | 4871 ||| DRINKING 2 potions of heal wounds.
  4885 | D:6      | 4885 ||| Stepping ~*~*~tactically~*~*~ (hiding).
  4905 | D:6      | Killed Blork the orc
  5016 | D:6      | Reached XP level 8. HP: 70/70 MP: 7/7
  5240 | D:6      | Found a hazy altar of Hepliaklqana.
  5274 | D:6      | 5274 ||| Stepping ~*~*~tactically~*~*~ (stealth).
  5301 | D:6      | 5301 ||| UPGRADING to +0 cloak.
  5306 | D:6      | 5306 ||| UPGRADING to +0 pair of gloves.
  5336 | D:6      | 5336 ||| Stepping ~*~*~tactically~*~*~ (stealth).
  5337 | D:6      | 5337 ||| Stepping ~*~*~tactically~*~*~ (stealth).
  5360 | D:7      | 5360 ||| STAIRDANCE
  5401 | D:7      | 5401 ||| READING scroll of enchant weapon.
  5401 | D:7      | 5401 ||| ENCHANTING +1 war axe.
  5420 | D:7      | Reached skill level 12 in Axes
  5470 | D:7      | Noticed Duvessa
  5470 | D:7      | Noticed Dowan
  5471 | D:7      | 5471 ||| FLEEEEING.
  5472 | D:7      | 5472 ||| FLEEEEING.
  5476 | D:7      | Noticed Maggie
  5477 | D:7      | Killed Dowan
  5484 | D:7      | Killed Duvessa
  5496 | D:7      | Killed Maggie
  5497 | D:7      | Reached skill level 6 in Armour
  5504 | D:7      | HP: 11/73 [steam dragon/ball of steam (21)]
  5505 | D:7      | 5505 ||| READING scroll of teleportation.
  5506 | D:7      | 5506 ||| DRINKING potion of heal wounds.
  5507 | D:7      | Found an iron altar of Okawaru.
  5560 | D:7      | 5560 ||| Stepping ~*~*~tactically~*~*~ (stealth).
  5561 | D:7      | 5561 ||| Stepping ~*~*~tactically~*~*~ (hiding).
  5576 | D:7      | Reached skill level 13 in Axes
  5605 | D:7      | Found a snail-covered altar of Cheibriados.
  5653 | D:7      | 5653 ||| Stepping ~*~*~tactically~*~*~ (stealth).
  5720 | D:7      | 5720 ||| Stepping ~*~*~tactically~*~*~ (stealth).
  5721 | D:7      | 5721 ||| Stepping ~*~*~tactically~*~*~ (stealth).
  5728 | D:7      | Reached XP level 9. HP: 50/81 MP: 8/8
  5865 | D:7      | 5865 ||| Stepping ~*~*~tactically~*~*~ (stealth).
  5954 | D:7      | Found a transporter.
  5977 | D:7      | Found a transporter.
  5981 | D:7      | Noticed qw's ghost (novice MiFi)
  6047 | D:7      | 6047 ||| Stepping ~*~*~tactically~*~*~ (hiding).
  6074 | D:7      | 6074 ||| READING 2 scrolls of identify.
  6074 | D:7      | 6074 ||| IDENTIFYING fuming brown potion
  6075 | D:7      | 6075 ||| DROPPING potion of berserk rage.
  6235 | D:8      | 6235 ||| FLEEEEING.
  6386 | D:8      | Noticed a two-headed ogre
  6396 | D:8      | Killed a two-headed ogre
  6397 | D:8      | Reached skill level 14 in Axes
  6572 | D:8      | Reached skill level 3 in Dodging
  6712 | D:9      | 6712 ||| READING scroll of enchant weapon.
  6712 | D:9      | 6712 ||| ENCHANTING +2 war axe.
  6840 | D:9      | Reached skill level 15 in Axes
  6846 | D:9      | Noticed Psyche
  6855 | D:9      | 6855 ||| FLEEEEING.
  6876 | D:9      | 6876 ||| FLEEEEING.
  6888 | D:9      | Killed Psyche
  6901 | D:9      | 6901 ||| INVOKING Sacrifice Skill.
  6901 | D:9      | Gained mutation: You are somewhat unskilled. (-1 Apt) [Ru
                  | sacrifice]
  6901 | D:9      | Reduced skill Axes to level 13
  6901 | D:9      | Reduced skill Armour to level 6
  6901 | D:9      | Reached ** piety under Ru
  6911 | D:9      | 6911 ||| Stepping ~*~*~tactically~*~*~ (stealth).
  6963 | D:9      | Reached skill level 14 in Axes
  7124 | D:9      | 7124 ||| DRINKING 3 cyan potions.
  7125 | D:9      | 7125 ||| DROPPING 2 potions of brilliance.
  7126 | D:9      | 7126 ||| Stepping randomly (stuck).
  7127 | D:9      | 7127 ||| Stepping randomly (stuck).
  7128 | D:9      | 7128 ||| Stepping randomly (stuck).
  7140 | D:9      | HP: 4/81 [something (23)]
  7141 | D:9      | Engulfed by a cloud of flame

Levels and vault maps discovered:
D:1:      onia_arrival_mini_maze_b, layout_basic, serial_shops,
          nicolae_shop_crystal, shapermc_ecumenical_altar_rom_forum
D:2:      layout_basic
D:3:      layout_loops_ring, mainiacjoe_overflow_brackets
D:4:      layout_loops_ring, minmay_temple_entry_statues_pillars, uniq_robin
D:5:      layout_cave_pools, nemelex_xobeh_ov_fountains_minmay,
          nicolae_ossuary_entry_giza, ebering_ghost_rock_garden
D:6:      layout_loops_ring, mainiacjoe_overflow_tiny_flanked,
          uniq_blork_the_orc
D:7:      cheibrodos_steamvent, layout_rooms, okawaru_gym_becter,
          cheibriados_altar_1, gammafunk_ghost_stat_death, uniq_duvessa,
          uniq_maggie
D:8:      layout_basic, minivault_27, minivault_4, kennysheep_path_1
D:9:      layout_gridville, bh_circular_ruins, uniq_psyche
Temple:   nicolae_temple_bog_church

Skill      XL: |  1  2  3  4  5  6  7  8  9 |
---------------+----------------------------+-----
Axes           | 3 4 6 7 9 10 13 14 | 14.0
Dodging        | 1 2 2 |  2.7
Fighting       | 4 5 8 8 |  8.0
Armour         | 4 7 6 |  6.4
Throwing       | 1 |  1.2
Shields        | 5 4 |  4.9

Action                   |  1- 3 |  4- 6 |  7- 9 || total
-------------------------+-------+-------+-------++-------
Melee: War axe           |    58 |   159 |   346 ||   563
       Headbutt          |     7 |    13 |    59 ||    79
       Unarmed           |       |       |    38 ||    38
Throw: Boomerang         |       |       |    51 ||    51
Invok: Sacrifice Experie |       |       |     1 ||     1
       Sacrifice Skill   |       |       |     1 ||     1
  Use: Scroll            |     5 |     7 |    14 ||    26
       Potion            |       |     1 |     4 ||     5
Armor: Scale mail        |    22 |       |       ||    22
       Plate armour      |    10 |    96 |   192 ||   298
       Skin              |       |       |     1 ||     1
Dodge: Dodged            |    24 |    56 |   126 ||   206
Block: Buckler           |    12 |    29 |    58 ||    99

Table legend:
 A = Non-vault XP
 B = Vault XP
 C = Vault XP percentage of total XP
 D = Non-vault monster count
 E = Vault monster count
 F = Vault count percentage of total count
                 A         B        C        D         E       F
            +---------+---------+-------+---------+---------+-------
      Total |    6053 |    2588 |  30.0 |     181 |      54 |  23.0
            +---------+---------+-------+---------+---------+-------
        D:1 |      43 |       0 |   0.0 |      22 |       0 |   0.0
        D:2 |     255 |       0 |   0.0 |      21 |       0 |   0.0
        D:3 |      70 |       0 |   0.0 |      33 |       0 |   0.0
        D:4 |     539 |      38 |   6.6 |      20 |      13 |  39.4
        D:5 |     536 |      20 |   3.6 |      11 |       3 |  21.4
        D:6 |     315 |     100 |  24.1 |      11 |       1 |   8.3
        D:7 |    1909 |     979 |  33.9 |      32 |       5 |  13.5
        D:8 |    1355 |       0 |   0.0 |      15 |       0 |   0.0
        D:9 |    1031 |     460 |  30.9 |      16 |       3 |  15.8
    Ossuary |       0 |     991 | 100.0 |       0 |      29 | 100.0
            +---------+---------+-------+---------+---------+-------
